 Dungeon Crawl Stone Soup version 0.31.0-12-g77e489cdc1 (webtiles) character file.

Game seed: 16146036639334366096

43 Gadfly the Insei (level 3, -6/29 HPs)
             Began as a Demonspawn Monk on Mar 3, 2024.
             Killed from afar by Ijyb (15 damage)
             ... with a bolt of dispelling energy
             ... on level 3 of the Dungeon.
             The game lasted 00:02:15 (1507 turns).

Gadfly the Insei (Demonspawn Monk)                  Turns: 1507, Time: 00:02:16

Health: -6/29      AC:  6    Str: 13    XL:     3   Next: 37%
Magic:  3/3        EV: 13    Int: 10    God:
Gold:   76         SH:  0    Dex: 15    Spells: 2/2 levels left

rFire   . .          .
                       - Unarmed
rCold   . . .        c - orb {light}
rNeg    . . .        a - +0 robe
rPois   .            (helmet currently unavailable)
rElec   .            (cloak currently unavailable)
rCorr   .            k - melded +0 pair of gloves
SInv    .            (boots currently unavailable)
Will    .....        (no amulet)
Stlth   +            i - +4 ring of protection
HPRegen 0.24/turn    (no ring)
MPRegen 0.08/turn

%: no passive effects
@: beast-form, glowing
A: beast (slay +0), spiny 1, weakness stinger 1
a: Begin Untransformation


You were on level 3 of the Dungeon.
You were a hulking beast.
You visited 1 branch of the dungeon, and saw 3 of its levels.

You collected 76 gold pieces.

Inventory:

Hand Weapons
 b - a +2 dagger of freezing
Armour
 a - a +0 robe (worn)
 c - an orb of light (worn)
 k - a +0 pair of gloves (melded)
Jewellery
 i - a +4 ring of protection (left hand)
Talismans
 h - a beast talisman (active)
Wands
 d - a wand of flame (20) (quivered)
Scrolls
 e - a scroll of fog
Potions
 j - a potion of haste {unknown}


   Skills:
 - Level 3.0 Fighting
 + Level 2.9 Dodging
 * Level 3.2 Unarmed Combat
 * Level 1.3 Evocations
 * Level 1.1 Shapeshifting


You had 2 spell levels left.
You didn't know any spells.
Your spell library contained the following spells:

 Spells                   Type           Power      Damage    Failure   Level
 Sting                    Conj/Alch      0%         1d3       36%         1
 Mercury Vapours          Alch/Air       0%         N/A       50%         2
 Olgreb's Toxic Radiance  Alch           0%         N/A       98%         4
 Iskenderun's Battlesphe  Conj           0%         2d6       100%        5
 Bombard                  Conj/Erth      0%         9d1       100%        6
 Spellforged Servitor     Conj/Summ      0%         N/A       100%        7


Dungeon Overview and Level Annotations

Branches:
Dungeon (3/15)

Altars:

Annotations:
D:3 Ijyb


Innate Abilities, Weirdness & Mutations

You are a hulking beast.
Your limbs bulge with bestial killing power. (Slay +0)
You are partially covered in sharp spines.
You have a small tail.


Message History

You are too injured to fight recklessly!
You hit Ijyb but do no damage. You tail-slap Ijyb, but do no damage.
You barely miss Ijyb. You tail-slap Ijyb.
Ijyb is lightly wounded.
Ijyb hits you with a +0 club.
* * * LOW HITPOINT WARNING * * *
You are confused.
You feel invigorated. Ijyb barely misses you.
You're too confused to move!
Ijyb hits you with a +0 club.
You bump into the rock wall.
Ijyb barely misses you.
You bump into the rock wall.
Ijyb hits you but does no damage.
You hit Ijyb. You tail-slap Ijyb, but do no damage.
Ijyb is moderately wounded.
Ijyb zaps a wand.
The bolt of dispelling energy hits you!!
Your magical effects are unravelling.
Ouch! That really hurt!
You bump into the rock wall.
You feel less invigorated.
You feel less confused. Ijyb closely misses you.
You hit Ijyb but do no damage.
Ijyb is moderately wounded.
A bat comes into view.
Ijyb hits you with a +0 club.
You hit Ijyb.
Ijyb is moderately wounded.
Ijyb closely misses you.
You hit Ijyb.
Ijyb is heavily wounded.
Ijyb hits you with a +0 club.
* * * LOW HITPOINT WARNING * * *
You hit Ijyb but do no damage.
Ijyb is heavily wounded.
Ijyb zaps a wand.
The bolt of dispelling energy misses you.
You hit Ijyb but do no damage.
Ijyb is heavily wounded.
Ijyb zaps a wand.
The bolt of dispelling energy hits you!
Ouch! That really hurt!
You die...

#...........#
#.
#.###########
#. #.# #. #.#
#. #.# #. #.#
#. #.# #. #.#
#. #h# ## #g#
#b. #...
..$.. ##....
..... ......


You could see Ijyb and a bat.

Vanquished Creatures
  A dart slug (D:2)
  5 bats (D:1)
  An endoplasm (D:1)
  A giant cockroach (D:1)
  4 goblins
  3 hobgoblins
  2 jackals (D:1)
  5 kobolds
  4 quokkas
  5 ball pythons
  A frilled lizard (D:2)
  6 rats
38 creatures vanquished.

Notes
Turn   | Place    | Note
-------+----------+-------------------------------------------
     0 | D:1      | Gadfly the Demonspawn Monk began the quest for the Orb.
     0 | D:1      | Reached XP level 1. HP: 18/18 MP: 1/1
     6 | D:1      | Found a faded altar of an unknown god.
   159 | D:1      | Gained mutation: You have a small tail. [demonic ancestry]
   159 | D:1      | Reached XP level 2. HP: 9/24 MP: 2/2
   426 | D:1      | Reached skill level 1 in Evocations
   524 | D:1      | Reached skill level 1 in Shapeshifting
   792 | D:2      | Gained mutation: You are partially covered in sharp spines.
                  | [demonic ancestry]
   792 | D:2      | Reached XP level 3. HP: 29/29 MP: 3/3
  1491 | D:3      | Noticed Ijyb
  1507 | D:3      | Killed from afar by Ijyb

Illustrated notes

Levels and vault maps discovered:
D:1:      heliophobic_arrival_enchanted_forest, layout_rooms,
          ebering_ecumenical_altar_webs, minmay_door_square, minmay_liquid_box,
          minivault_19
D:2:      layout_loops_ring, dreamdust_princess_bridge
D:3:      layout_basic, overflow_temple_1_default, serial_shops, shop, shop,
          shop, nicolae_shop_crystal, nicolae_shop_peninsula,
          patterned_corridor, uniq_ijyb

Skill      XL: |  1  2 |
---------------+-------+-----
Unarmed Combat | 3 |  3.2
Evocations     | 1 |  1.3
Shapeshifting  | 1 |  1.1
Fighting       | |  3.0
Dodging        | |  2.9

Action                     || total
---------------------------++-------
  Melee: Unarmed           ||    36
         Dagger            ||    49
         Tailslap          ||    11
Ability: Begin Untransform ||     1
  Evoke: Wand              ||     1
    Use: Scroll            ||     6
         Potion            ||     1
 Armour: Robe              ||    39
  Dodge: Dodged            ||    48
   Form: Beast             ||     2
